Map: Cerulean Fall LE

Players

Smoke

  • Race: Protoss Protoss
  • League: Silver
  • Spawn Location: 1:00

Yocto - Winner!

  • Race: Zerg Zerg
  • Spawn Location: 7:00

VOD

Have the link to the VOD?

Description

Time

  • Played on: Dec. 14, 2018, 8:20 a.m.
  • Length: 4:23
Show
View Real Time Build Order
Export as new Build Order

Smoke Protoss 

Build Orders:  

Get SALT Encoding   

  12  0:06  Probe  
  13  0:18  Probe  
  14  0:22  Pylon  
  14  0:26  Probe  
  15  0:36  Probe  
  16  0:45  Forge  
  16  0:58  Probe  
  17  1:10  Probe  
  18  1:15  Gateway  
  18  1:28  Pylon  
  18  1:49  Photon Cannon  
  18  1:51  Pylon  
  18  1:56  Probe  
  18  1:59  Assimilator  
  19  2:08  Probe  
  20  2:24  Nexus  
  19  2:37  Pylon  
  19  2:45  Nexus  
  19  2:46  Pylon  
  19  2:56  Photon Cannon  
  19  2:59  Probe  
  19  3:01  Cybernetics Core  
  20  3:06  Assimilator  
  20  3:07  Probe  
  21  3:32  Gateway  
  21  3:34  Gateway  
  21  3:37  Gateway  
  21  3:40  Probe  
  22  3:48  Probe  
  23  4:07  Pylon  
Show
View Real Time Build Order
Export as new Build Order

Yocto Zerg - Winner!

Build Orders: Pool First 

Get SALT Encoding   

  12  0:01  Drone  
  13  0:16  Overlord  
  13  0:21  Drone  
  14  0:41  Drone x3  
  17  1:13  Extractor, Spawning Pool  
  15  1:20  Hatchery  
  14  1:47  Drone x3  
  17  2:00  Zergling x2  
  17  2:01  Queen  
  20  2:12  Zergling x2  
  21  2:26  Drone  
  22  2:35  Queen  
  23  2:48  Drone  
  23  2:49  Drone x2  
  26  3:01  Metabolic Boost  
  26  3:05  Overlord  
  26  3:11  Drone  
  27  3:26  Overlord  
  27  3:27  Zergling x2  
  27  3:28  Zergling x4  
  27  3:29  Zergling x2  
  32  3:34  Zergling x4  
  32  3:40  Zergling x2  
  32  3:41  Zergling x2  
  35  3:51  Zergling x4  
  35  3:52  Zergling x2  
  38  4:02  Zergling x8  
Tags
 
League
Silver
Matchup
PvZ
Opening
Pool First
Replay Pack
Yocto
Spawn Locations
Cross Positions
Add a new tag
Caveats
  • Supply blocks, unpowered buildings, or Contaminate may cause inaccurate times.
  • Supply counts are checked every 10 seconds.